 Dungeon Crawl Stone Soup version 0.15-a0-1968-gb423ccb (webtiles) character file.

1778424 Yllodra the Conqueror (level 27, 214/214 HPs)
             Began as a Gargoyle Berserker on July 9, 2014.
             Was a High Priest of Trog.
             Escaped with the Orb
             ... and 3 runes on July 10, 2014!
             The game lasted 06:10:32 (60746 turns).

Yllodra the Conqueror (Gargoyle Berserker)         Turns: 60746, Time: 06:10:32

HP 214/214       AC 71     Str 36 (37) XL: 27
MP  23/23        EV 11     Int 15 (18) God: Trog [*****.]
Gold 4005        SH 25     Dex 13 (14) Spells:  0 memorised, 26 levels left

rFire  + + .     SeeInvis +     t - +7 eveningstar of Chaeg {vamp, Dex+2}
rCold  . . .     Clarity  .     a - +18 crystal plate armour of Teicw {Dex+3 Int+3}
rNeg   + . .     rCorr    .     N - +0 large shield of Negligence {rElec rF+ MR++ Int+4}
rPois  +         rRot     +     Q - +2 helmet
rElec  +         Spirit   .     M - +2 cloak of Focus {Str+3 Slay+3 Stlth+}
SustAb .         Warding  .     V - +2 pair of gloves {Str+3}
rMut   +         Stasis   .     q - +0 pair of boots {Stlth+}
Gourm  .                        e - amulet of resist mutation
MR     ++++.                    U - ring of Vitality {HP+15 Regen}
                                v - ring of protection from fire

@: flying, incredibly resistant to hostile enchantments, extremely unstealthy
A: able to fly continuously, big wings, see invisible, deformed body,
deterioration 2, fast metabolism 1, negative energy resistance 1, screaming 1,
electricity resistance, slow healing 1, unbreathing, petrification resistance,
rot immunity, placid magic 1, AC +20
a: Stop Flying, Burn Spellbooks, Berserk, Trog's Hand, Brothers in Arms,
Renounce Religion
0: Orb of Zot
}: 3/15 runes: decaying, serpentine, slimy


You escaped.
You worshipped Trog.
Trog was extremely pleased with you.
You were not hungry.

You visited 8 branches of the dungeon, and saw 53 of its levels.
You visited 1 bazaar.
You also visited: Labyrinth and Ice Cave.

You collected 7371 gold pieces.
You spent 3366 gold pieces at shops.

Inventory:

Hand weapons
 t - the +7 eveningstar of Chaeg (weapon) {vamp, Dex+2}
   (Trog gifted it to you on level 8 of the Lair of Beasts)

   It inflicts no extra harm, but heals its wielder somewhat when it strikes a
   living foe.
   It affects your dexterity (+2).
Missiles
 i - 4 javelins of returning (quivered)
Armour
 a - the +18 crystal plate armour of Teicw (worn) {Dex+3 Int+3}
   (You acquired it on level 5 of the Realm of Zot)

   It affects your intelligence (+3).
   It affects your dexterity (+3).
 c - a +6 plate armour of cold resistance
 q - a +0 pair of boots of stealth (worn)
 M - the +2 cloak of Focus (worn) {Str+3 Slay+3 Stlth+}
   (You bought it in a shop on level 13 of the Dungeon)

   It affects your strength (+3).
   It affects your accuracy and damage with ranged weapons and melee attacks
   (+3).
   It makes you more stealthy.
 N - the +0 large shield of Negligence (worn) {rElec rF+ MR++ Int+4}
   (You took it off a daeva on level 2 of the Depths)

   It affects your intelligence (+4).
   It protects you from fire.
   It insulates you from electricity.
   It affects your resistance to hostile enchantments.
 Q - a +2 helmet (worn)
 V - a +2 pair of gloves of strength (worn)
Magical devices
 d - a wand of heal wounds (9)
 r - a wand of polymorph (11)
 x - a wand of lightning (8)
 y - a wand of confusion (7)
 J - a wand of digging (9)
 P - a wand of fireball (7)
 Y - a wand of teleportation (8)
Comestibles
 b - 15 royal jellies
 m - 10 meat rations
 w - 25 fruits
Scrolls
 f - 15 scrolls of remove curse
 l - 5 scrolls of fog
 p - 4 scrolls of vulnerability
 s - 6 scrolls of blinking
 u - 24 scrolls of teleportation
 C - a scroll of silence
 D - a scroll of identify
 E - 7 scrolls of recharging
 G - 8 scrolls of magic mapping
 S - 13 scrolls of fear
 T - 2 scrolls of holy word
Jewellery
 e - an amulet of resist mutation (around neck)
 h - an uncursed ring of protection from cold
 n - an uncursed amulet of warding
 o - an uncursed amulet of resist corrosion
 v - a ring of protection from fire (left hand)
 R - an uncursed ring of see invisible
 U - the ring of Vitality (right hand) {HP+15 Regen}
   (You found it in an ice cave)

   [ring of regeneration]

   It affects your health (+15).
   It increases your rate of regeneration.
 W - an uncursed ring of protection from magic
Potions
 g - a potion of resistance
 j - 14 potions of heal wounds
 k - 22 potions of curing
 z - 5 potions of agility
 A - 7 potions of haste
 B - 6 potions of might
 I - a potion of invisibility
 X - 4 potions of restore abilities


   Skills:
 O Level 27 Fighting
 - Level 24.0 Maces & Flails
 - Level 19.0 Armour
 + Level 15.1 Dodging
 - Level 19.0 Shields


You had 26 spell levels left.
You didn't know any spells.

Dungeon Overview and Level Annotations

Branches:
Dungeon (15/15)            Temple (0/1) D:7             Orc (4/4) D:12
    Elf (0/3) Orc:3          Lair (8/8) D:8           Swamp (5/5) Lair:5
  Snake (5/5) Lair:4        Slime (6/6) Lair:6       Vaults (0/5) D:13
    Zot (5/5) Depths:5     Depths (5/5) D:15

Altars:
Cheibriados
Dithmenos
Fedhas
Gozag
Kikubaaqudgha
Makhleb
Trog
Yredelemnul
Zin
The Shining One
Jiyva

Shops:
D:6 =   D:7 (   D:10 :   D:13 [   D:14 (   D:15 ![   Orc:4 (!:(   Snake:4 ([
Depths:1 ?   Depths:2 *

Portals:
Hell: Depths:1 Depths:2 Depths:3 Depths:4 Depths:5
Abyss: Depths:1 Depths:2 Depths:4 Depths:5
Pandemonium: Depths:1 Depths:2 Depths:3 Depths:5
Ziggurat: Depths:1
Trove: Depths:2 (give 6 scrolls of blinking)

Annotations:
Zot:5 exclusion: orange crystal statue


Innate Abilities, Weirdness & Mutations

You are resistant to torment.
You are immune to poison.
You can fly continuously.
Your stone body is very resilient (AC +20).
Your wings are large and strong.
You resist negative energy.
You are resistant to electric shocks.
You can survive without breathing.
You are immune to petrification.
You are immune to rotting.
You have supernaturally acute eyesight.
Armour fits poorly on your strangely shaped body.
Your body is deteriorating.
You have a fast metabolism.
You occasionally shout uncontrollably at your foes.
You heal slowly when monsters are visible.
Your spells are a little easier to cast, but a little less powerful.


Message History

There is a stone staircase leading up here.
You impale the hobgoblin!!
You kill the hobgoblin!
Trog accepts your kill.
You fly upwards.
You sense a powerful magical force warping space.
There is a stone staircase leading down here.
You see here a club.
Evoke which item? (* to show all) (? for menu, Esc to quit)
Zapping:
J - a wand of digging (11)
Press: ? - help, Shift-Dir - straight line The rock shatters into small pieces.
This wand has 10 charges left.
Evoke which item? (* to show all) (? for menu, Esc to quit)
Zapping:
J - a wand of digging (10)
Press: ? - help, Shift-Dir - straight line The rock shatters into small pieces.
This wand has 9 charges left.
You feel dopey.
You feel weakened.
There is a staircase leading out of the dungeon here.
You have escaped!

#≈≈≈≈≈≈≈≈≈≈≈# #######
#≈≈≈≈≈..≈≈≈≈# ......#
#≈≈≈≈...≈≈≈≈# #####.###
#≈≈≈......≈≈#
#####...####≈≈......≈≈≈#
..........##≈≈...≈...≈≈#
.......>..##≈≈..≈≈..[.≈#
..........##≈≈..≈≈≈≈.≈≈#
..........##...≈@≈≈≈..≈#
..........##≈..≈≈≈.≈≈..#
#####.....##..≈≈≈≈≈....#
# #.....##.)≈≈≈≈≈≈≈≈.# #
########4≈≈4≈≈≈.≈≈.# #
#.≈≈..≈.≈≈≈.# #
#2.≈≈.≈.≈≈..# #
##...4≈.≈.≈..# ####
#....3.......#


You could see a balrug, a sun demon (wandering) and 3 red devils.

Vanquished Creatures
  10 orbs of fire
  4 ancient liches (Zot:5)
  3 curse toes (Zot:4)
  Norris (Snake:2)
  2 Killer Klowns (Zot:5)
  4 golden dragons
  4 electric golems
  Frederick (Depths:4)
  Nikola (Snake:5)
  Asterion (Swamp:2)
  13 tentacled monstrosities
  27 Orb Guardians
  25 acid blobs
  5 titans (Depths:4)
  An Executioner (Depths:3)
  4 liches
  12 storm dragons
  The ghost of Liquorice the Severer, a mighty DDBe of Trog (Depths:1)
  2 daevas (Depths:2)
  4 sphinxes (Depths:4)
  6 tengu reavers (Depths:4)
  2 thorn hunters (Swamp:3)
  Kirke (D:15)
  6 azure jellies
  6 shadow dragons
  7 draconian monks
  The ghost of Herrn the Severer, a mighty GrFi of Cheibriados (Snake:5)
  9 fire giants
  17 greater nagas
  Donald (Snake:3)
  7 draconian knights
  5 draconian scorchers
  3 iron dragons (Depths:4)
  Maud (Lair:3)
  An orc warlord (Orc:1)
  7 frost giants
  A balrug (Depths:3)
  Aizul (Snake:3)
  Louise (D:14)
  4 emperor scorpions
  A ghost moth (shapeshifter) (Depths:5)
  3 draconian zealots
  8 draconian annihilators
  16 stone giants
  A spriggan defender (Depths:4)
  A deep elf demonologist (Depths:4)
  3 draconian shifters
  A curse skull (Depths:3)
  9 grey draconians
  9 green draconians
  4 draconian callers
  6 mottled draconians
  11 red draconians
  2 deep elf annihilators
  A vampire knight (Depths:4)
  15 black draconians
  8 purple draconians
  5 dire elephants
  7 pale draconians
  12 white draconians
  2 yellow draconians
  12 death oozes
  Snorg (Lair:3)
  A deep elf death mage (Depths:5)
  4 green deaths
  6 ettins
  5 ogre magi
  25 fire dragons
  A blizzard demon (Depths:3)
  8 yaktaur captains
  2 great orbs of eyes
  A merfolk impaler (Depths:2)
  5 death cobs
  2 deep elf high priests
  A minotaur (Lab)
  19 ice dragons
  5 rakshasas
  23 hydras
  A ravenous feature mimic (Depths:2)
  A spectral sphinx (Depths:2)
  Nessos (Snake:1)
  2 vault guards (D:13)
  28 naga warriors
  Erica (D:14)
  7 anacondas
  3 shambling mangroves
  8 deep troll earth magi
  The ghost of AvylaarBelgium the Thaumaturge, a powerful DEFE of Vehumet (D:9)
  8 tengu warriors
  9 alligators
  3 centaur warriors
  5 shock serpents
  38 death yaks
  7 soul eaters
  2 vampire magi
  5 orc high priests (Orc:4)
  8 deep troll shamans
  3 spriggan berserkers
  An iron troll (Depths:3)
  17 naga sharpshooters
  8 spriggans
  A sun demon (Depths:3)
  5 large abominations
  A salamander mystic (Snake:5)
  16 very ugly things
  2 fire crabs (shapeshifter)
  8 hell knights
  4 skeletal warriors (D:13)
  An ice devil (Depths:3)
  A shadow wraith (Depths:4)
  A death drake (shapeshifter) (Depths:4)
  2 sea snakes (Snake:1)
  2 catoblepae
  A gelid demonspawn (Depths:5)
  2 unseen horrors
  2 deep elf knights
  4 spriggan druids (Swamp:5)
  4 giant orange brains
  17 deep trolls
  A giant orange brain (shapeshifter) (Depths:1)
  2 ice statues (IceCv)
  A lindwurm (Lair:8)
  7 necromancers
  13 naga ritualists
  4 flayed ghosts
  4 wizards
  A tengu zombie (Depths:3)
  Pikel (D:4)
  6 hill giants
  4 swamp dragons
  A deep elf conjurer (Depths:5)
  A water nymph (shapeshifter) (Depths:5)
  6 orc knights
  14 mana vipers
  2 orc sorcerers
  2 putrid demonspawn (Depths:5)
  A shadow dragon zombie (Depths:3)
  4 cyclopes
  A cyclops (shapeshifter) (Depths:4)
  A wolf spider (shapeshifter) (Depths:4)
  2 griffons (Lair:7)
  6 draconian zombies
  A hellion (Depths:3)
  A tengu skeleton (Depths:3)
  A torturous demonspawn (Depths:3)
  9 salamanders
  4 manticores
  128 slime creatures
  6 shining eyes
  A wolf spider (D:15)
  A sixfirhy (Depths:3)
  23 moths of wrath
  11 elephants
  Maurice (Orc:1)
  A frost giant skeleton (Depths:3)
  6 guardian serpents
  2 eyes of devastation
  A gargoyle (D:14)
  A guardian serpent (shapeshifter) (D:15)
  A smoke demon (Zot:5)
  2 mottled draconian zombies
  21 spiny frogs
  An iron devil (Orc:4)
  56 black mambas
  A tormentor (D:6)
  A pale draconian zombie (Zot:3)
  An elf (shapeshifter) (Depths:4)
  25 naga magi
  A white draconian zombie (Zot:1)
  4 yaktaurs
  11 trolls
  An efreet (D:14)
  A yaktaur (shapeshifter) (Depths:2)
  2 hellwings
  A freezing wraith (Depths:4)
  A silent spectre (Depths:3)
  6 fire drakes
  2 red devils
  3 tengu conjurers
  6 komodo dragons
  A spriggan skeleton (Depths:2)
  Grinder (D:4)
  A wind drake (Zot:2)
  3 blue devils (Depths:3)
  18 blink frogs
  5 polar bears
  A baby alligator (shapeshifter) (Depths:4)
  A wandering mushroom (Lair:1)
  8 giant leeches
  A griffon zombie (D:14)
  A catoblepas skeleton (D:11)
  6 baby alligators
  13 bog bodies
  30 ravens
  8 two-headed ogres
  A trapdoor spider (D:15)
  2 deep elf magi
  A flying skull (Depths:4)
  8 basilisks
  A griffon skeleton (D:15)
  62 yaks
  4 wraiths
  3 shadows
  3 hogs (D:15)
  2 hungry ghosts
  A fire elemental (D:12)
  17 humans (D:13)
  2 vampires (Depths:1)
  2 wyverns
  A tarantella (shapeshifter) (Depths:5)
  16 golden eyes
  36 wolves
  A hill giant skeleton (D:14)
  18 hippogriffs
  27 ugly things
  3 neqoxecs
  A spriggan simulacrum (Depths:3)
  31 swamp worms
  Menkaure (D:6)
  A warg (Orc:4)
  A hell hound (Depths:2)
  42 water moccasins
  8 porcupines
  9 vampire mosquitoes
  87 nagas
  2 slaves (D:4)
  17 swamp drakes
  45 orc warriors
  5 yellow wasps
  4 sky beasts
  8 black bears
  30 ogres
  3 phantoms
  22 ice beasts
  A necrophage (D:7)
  17 centaurs
  19 crocodiles
  Duvessa (D:5)
  A brain worm (shapeshifter) (Depths:5)
  A boggart (Depths:4)
  Blork the orc (Orc:1)
  19 giant frogs
  A gnoll sergeant (D:6)
  3 big kobolds
  6 insubstantial wisps (Swamp:2)
  4 troll zombies
  A wyvern skeleton (D:13)
  A boulder beetle zombie (D:14)
  9 eyes of draining
  5 scorpions
  8 electric eels
  9 wights
  A hippogriff skeleton (D:6)
  11 killer bees
  3 troll skeletons (Swamp:4)
  2 lava snakes (D:12)
  3 goliath beetles (D:7)
  A kobold zombie (D:11)
  Dowan (D:5)
  20 hounds
  33 jellies
  3 gnoll shamans (D:3)
  20 crimson imps
  A giant frog zombie (D:15)
  Crazy Yiuf (D:6)
  2 human zombies
  An iron imp (Depths:5)
  40 orc wizards
  2 quasits
  9 worker ants
  11 iguanas
  58 orc priests
  4 ogre zombies (D:12)
  15 sheep
  Ijyb (D:4)
  A mottled dragon skeleton (D:11)
  A big kobold skeleton (D:11)
  A hound skeleton (D:8)
  A mummy (D:11)
  30 adders
  45 gnolls
  74 green rats
  3 orc skeletons
  A steam dragon skeleton (D:12)
  A worm (D:3)
  9 shadow imps
  A giant mite (D:6)
  4 giant geckos
  7 oozes
  212 orcs
  4 ball pythons
  A bat zombie (D:6)
  4 giant cockroaches
  30 goblins
  27 hobgoblins
  39 kobolds
  12 quokkas
  12 bats
  8 giant newts
  2 giant spores
  A gnoll skeleton (D:4)
  A goblin zombie (D:12)
  2 hobgoblin skeletons
  6 hobgoblin zombies (D:12)
  42 jackals
  A kobold skeleton (D:8)
  10 orc zombies (D:12)
  20 rats
  2 rat zombies
  11 ballistomycetes
  A fungus (Lair:8)
2733 creatures vanquished.

Vanquished Creatures (collateral kills)
  the royal jelly (Slime:6)
  A golden dragon (Depths:4)
  4 acid blobs (Slime:6)
  A lich (Depths:4)
  A tengu reaver (Depths:4)
  2 azure jellies (Slime:6)
  A vampire knight (Depths:4)
  A death ooze (Slime:6)
  A great orb of eyes (Slime:6)
  A titan zombie (Depths:4)
  A naga ritualist (Snake:1)
  A sphinx zombie (Depths:4)
  A mana viper (Snake:1)
  7 slime creatures (Slime:6)
  A deep troll zombie (Depths:4)
  2 ugly things (Depths:4)
  A naga (Snake:1)
  2 orc warriors (Orc:1)
  A water moccasin (Snake:1)
  An orc wizard (Orc:1)
  4 orcs (Orc:1)
36 creatures vanquished.

Vanquished Creatures (others)
  Margery (Depths:1)
  A draconian monk (Zot:3)
  A draconian scorcher (Zot:5)
  A draconian annihilator (Zot:4)
  A stone giant (Slime:6)
  A draconian caller (Zot:3)
  2 white draconians (Zot:3)
  A naga warrior (Snake:5)
  An iron troll (Slime:6)
  A soul eater (Zot:5)
  A deep troll (Slime:6)
  2 hill giants (Slime:6)
  A troll (Depths:4)
  A two-headed ogre (Depths:4)
  2 humans (D:15)
  3 nagas (Snake:5)
  An elf skeleton (Depths:3)
  A human zombie (Depths:1)
  A slave (D:4)
  An ogre (Slime:6)
  An orc (Orc:3)
  3 giant spores
  A kobold skeleton (D:7)
  11 bushes (Depths:5)
  2 fungi
  7 plants
50 creatures vanquished.

Grand Total: 2819 creatures vanquished

Notes
Turn   | Place    | Note
--------------------------------------------------------------
     0 | D:1      | Yllodra, the Gargoyle Berserker, began the quest for the Orb.
     0 | D:1      | Reached XP level 1. HP: 14/14 MP: 1/1
   170 | D:1      | Reached XP level 2. HP: 12/19 MP: 2/2
   645 | D:1      | Reached skill level 4 in Maces & Flails
   858 | D:1      | Reached XP level 3. HP: 23/23 MP: 3/3
   939 | D:2      | Acquired Trog's second power
   988 | D:2      | Reached XP level 4. HP: 10/28 MP: 4/4
  1258 | D:2      | Reached skill level 5 in Maces & Flails
  1715 | D:2      | Reached XP level 5. HP: 32/32 MP: 5/5
  2342 | D:3      | Reached skill level 6 in Maces & Flails
  2574 | D:3      | Reached XP level 6. HP: 37/37 MP: 6/6
  2584 | D:3      | Acquired Trog's third power
  2980 | D:3      | Reached skill level 7 in Maces & Flails
  3303 | D:3      | Reached XP level 7. HP: 12/44 MP: 7/7
  3507 | D:3      | Reached skill level 5 in Fighting
  3766 | D:3      | Noticed an ogre
  3790 | D:3      | Killed an ogre
  4638 | D:4      | Noticed Grinder
  4673 | D:4      | Killed Grinder
  4673 | D:4      | Reached skill level 8 in Maces & Flails
  4673 | D:4      | Reached XP level 8. HP: 53/53 MP: 8/8
  4740 | D:4      | Noticed Ijyb
  4793 | D:4      | Killed Ijyb
  5225 | D:4      | Noticed Pikel
  5255 | D:4      | Killed Pikel
  5255 | D:4      | Reached skill level 9 in Maces & Flails
  5711 | D:5      | Entered Level 5 of the Dungeon
  5764 | D:5      | Reached skill level 10 in Maces & Flails
  5772 | D:5      | Reached XP level 9. HP: 50/57 MP: 9/9
  5910 | D:5      | Noticed Duvessa
  5910 | D:5      | Noticed Dowan
  5934 | D:5      | Killed Dowan
  5938 | D:5      | Killed Duvessa
  6365 | D:5      | HP: 4/85 [orc priest/divine providence (12)]
  6613 | D:5      | Reached skill level 11 in Maces & Flails
  6797 | D:6      | Found Bysy's Jewellery Emporium.
  6867 | D:6      | Noticed Crazy Yiuf
  6872 | D:6      | Killed Crazy Yiuf
  7293 | D:6      | Received a gift from Trog
  7332 | D:6      | Reached skill level 12 in Maces & Flails
  7649 | D:6      | Reached XP level 10. HP: 63/63 MP: 10/10
  7714 | D:6      | Noticed Menkaure
  7721 | D:6      | Killed Menkaure
  7936 | D:6      | Gained mutation: You are weak. (Str -2) [potion of mutation]
  7936 | D:6      | Gained mutation: You have a pair of small horns on your head. [potion of mutation]
  7936 | D:6      | Gained mutation: You are clumsy. (Dex -2) [potion of mutation]
  7937 | D:6      | Lost mutation: You are clumsy. (Dex -2) [potion of cure mutation]
  7937 | D:6      | Lost mutation: You have a pair of small horns on your head. [potion of cure mutation]
  7993 | D:7      | Reached skill level 13 in Maces & Flails
  8009 | D:7      | Found a basalt altar of Yredelemnul.
  8120 | D:7      | Received a gift from Trog
  8156 | D:7      | Found a snail-covered altar of Cheibriados.
  8451 | D:7      | Found a staircase to the Ecumenical Temple.
  8656 | D:7      | Found a bloodstained altar of Trog.
  8682 | D:7      | Found Pnaugeil's Weapon Emporium.
  9445 | D:8      | Found a staircase to the Lair.
  9448 | D:8      | Reached skill level 14 in Maces & Flails
  9845 | D:8      | Lost mutation: You are weak. (Str -2) [potion of cure mutation]
  9881 | D:8      | Received a gift from Trog
  9958 | D:8      | Found a blossoming altar of Fedhas.
 10788 | D:8      | Upgraded the game from 0.15-a0-1950-gbc841a2 to 0.15-a0-1968-gb423ccb
 10789 | Lair:1   | Entered Level 1 of the Lair of Beasts
 10829 | Lair:1   | Reached XP level 11. HP: 63/67 MP: 11/11
 10906 | Lair:1   | Reached skill level 15 in Maces & Flails
 11417 | Lair:1   | Reached skill level 16 in Maces & Flails
 12615 | Lair:2   | Noticed an eight-headed hydra
 12622 | Lair:2   | Killed an eight-headed hydra
 12622 | Lair:2   | Reached skill level 10 in Fighting
 12622 | Lair:2   | Reached XP level 12. HP: 77/77 MP: 12/12
 12910 | Lair:2   | Received a gift from Trog
 13243 | Lair:3   | Noticed Snorg
 13256 | Lair:3   | Killed Snorg
 13305 | Lair:3   | Noticed a seven-headed hydra
 13308 | Lair:3   | Noticed Maud
 13312 | Lair:3   | Killed a seven-headed hydra
 13322 | Lair:3   | Killed Maud
 13633 | Lair:3   | Received a gift from Trog
 14692 | Lair:4   | Found a staircase to the Snake Pit.
 14812 | Lair:4   | Found a labyrinth entrance.
 14825 | Lab      | Entered a labyrinth
 14962 | Lab      | Noticed a minotaur
 14969 | Lab      | Killed a minotaur
 14969 | Lab      | Reached XP level 13. HP: 91/91 MP: 13/13
 14971 | Lab      | Got a crude copper ring
 15024 | Lair:4   | Identified a +7 rod of ignition (12/12) (You found it in a labyrinth)
 15035 | Lair:4   | Identified the ring of the Median {Ice Dex+2} (You took it off a minotaur in a labyrinth)
 15142 | Lair:4   | Received a gift from Trog
 15233 | Lair:4   | Reached skill level 15 in Fighting
 15393 | Lair:4   | Found a glowing silver altar of Zin.
 15731 | Lair:4   | Reached skill level 5 in Armour
 16226 | Lair:5   | Received a gift from Trog
 16316 | Lair:5   | Found a staircase to the Swamp.
 16885 | Lair:6   | Reached skill level 10 in Armour
 17084 | Lair:6   | Gained mutation: Your wings are large and strong. [gargoyle growth]
 17084 | Lair:6   | Reached XP level 14. HP: 82/98 MP: 14/14
 17355 | Lair:6   | Found a viscous altar of Jiyva.
 17356 | Lair:6   | Found a staircase to the Slime Pits.
 17576 | Lair:7   | Received a gift from Trog
 18075 | Lair:7   | Found an opulent altar of Gozag.
 18274 | Lair:7   | Received a gift from Trog
 18277 | Lair:7   | Got a jewelled morningstar {god gift}
 18483 | Lair:8   | Entered Level 8 of the Lair of Beasts
 18692 | Lair:7   | Reached skill level 17 in Maces & Flails
 19340 | Lair:8   | Received a gift from Trog
 19348 | Lair:8   | Got a slimy eveningstar {god gift}
 19643 | Lair:7   | Reached skill level 18 in Maces & Flails
 19730 | Lair:8   | Reached XP level 15. HP: 103/103 MP: 15/15
 19795 | Lair:8   | Identified the +10 morningstar "Thacwuju" {holy, +Rage SInv} (Trog gifted it to you on level 7 of the Lair of Beasts)
 19796 | Lair:8   | Identified the +7 eveningstar of Chaeg {vamp, Dex+2} (Trog gifted it to you on level 8 of the Lair of Beasts)
 19967 | Lair:8   | Reached skill level 1 in Shields
 20199 | Lair:8   | Reached skill level 5 in Shields
 20852 | Lair:3   | Received a gift from Trog
 20985 | D:9      | Noticed AvylaarBelgium's ghost (powerful DEFE)
 20990 | D:9      | Killed AvylaarBelgium's ghost
 21270 | D:9      | Found a shadowy altar of Dithmenos.
 21397 | D:9      | Found a glowing golden altar of the Shining One.
 21705 | D:10     | Entered Level 10 of the Dungeon
 22104 | D:10     | Found Nulupop's Book Shop.
 22832 | D:11     | Received a gift from Trog
 22836 | D:11     | Got an ivory great mace {god gift}
 23221 | D:12     | Found a staircase to the Orcish Mines.
 23821 | D:12     | Reached skill level 19 in Maces & Flails
 24151 | D:12     | Identified the +10 great mace "Qaketekh" {crush, -Cast +Inv rC++ Int+3} (Trog gifted it to you on level 11 of the Dungeon)
 24156 | Orc:1    | Entered Level 1 of the Orcish Mines
 24191 | Orc:1    | Found a burning altar of Makhleb.
 24471 | Orc:1    | Received a gift from Trog
 24612 | Orc:1    | Noticed Maurice
 24613 | Orc:1    | Noticed Blork the orc
 24617 | Orc:1    | Killed Blork the orc
 24624 | Orc:1    | Killed Maurice
 24665 | Orc:1    | Found a burning altar of Makhleb.
 24947 | Orc:2    | Received a gift from Trog
 25169 | Orc:2    | Found a bloodstained altar of Trog.
 25467 | Orc:3    | Received a gift from Trog
 25497 | Orc:3    | Got a bloodstained eveningstar {god gift}
 25515 | Orc:3    | Identified the +4 eveningstar of Dawn {crush, rF+ Int-2} (Trog gifted it to you on level 3 of the Orcish Mines)
 25972 | Orc:3    | Received a gift from Trog
 25981 | Orc:3    | Found a staircase to the Elven Halls.
 26111 | Orc:4    | Entered Level 4 of the Orcish Mines
 26249 | Orc:4    | Found a flickering gateway to a bazaar.
 26257 | Bazaar   | Entered a bazaar
 26271 | Bazaar   | Found Toesylo's General Store.
 26293 | Bazaar   | Found Gruafaam's Antique Weapon Shoppe.
 26308 | Bazaar   | Found Thrabb's Weapon Emporium.
 26323 | Bazaar   | Found Goavaoc's Book Emporium.
 26323 | Bazaar   | Found Edaim's Jewellery Shoppe.
 26405 | Bazaar   | Bought an uncursed ring of protection from cold for 400 gold pieces
 26673 | Orc:4    | Received a gift from Trog
 27147 | Orc:4    | Received a gift from Trog
 27220 | Orc:4    | Reached XP level 16. HP: 110/110 MP: 16/16
 27429 | Orc:4    | Found Pnuv's Distillery.
 27429 | Orc:4    | Found Osaivihu's Weapon Emporium.
 27429 | Orc:4    | Found Frattan's Book Emporium.
 27430 | Orc:4    | Found Omishov's Weapon Emporium.
 27453 | Orc:4    | Bought a potion of haste for 84 gold pieces
 27453 | Orc:4    | Bought a potion of haste for 84 gold pieces
 28330 | D:13     | Reached skill level 10 in Shields
 28497 | D:13     | Found a gate to the Vaults.
 28628 | D:13     | Received a gift from Trog
 28713 | D:13     | Found Psil's Antique Armour Emporium.
 28717 | D:13     | Bought a twisted cloak for 209 gold pieces
 28725 | D:13     | Identified the cursed +2 cloak of Focus {Str+3 Slay+3 Stlth+} (You bought it in a shop on level 13 of the Dungeon)
 29131 | D:14     | Noticed Louise
 29330 | D:14     | Found Waonadong's Antique Weapon Emporium.
 29498 | D:14     | Killed Louise
 29942 | D:14     | Noticed Erica
 29947 | D:14     | Killed Erica
 30087 | D:15     | Entered Level 15 of the Dungeon
 30110 | D:15     | Noticed Kirke
 30119 | D:15     | Killed Kirke
 30209 | D:15     | Found Stany's Distillery.
 30217 | D:15     | Bought a potion of heal wounds for 45 gold pieces
 30217 | D:15     | Bought a potion of heal wounds for 45 gold pieces
 30447 | D:15     | Found a frozen archway.
 30493 | D:15     | Received a gift from Trog
 30504 | IceCv    | Entered an ice cave
 30703 | IceCv    | Got a twitching steel ring
 30918 | D:15     | Found Umaamaja's Antique Armour Emporium.
 31065 | D:15     | Reached XP level 17. HP: 117/117 MP: 17/17
 31091 | D:15     | Found a staircase to the Depths.
 31442 | D:15     | Identified the ring of Music {rPois Str+4 Dex-4} (You found it in an ice cave)
 31943 | Lair:4   | Received a gift from Trog
 31959 | Snake:1  | Entered Level 1 of the Snake Pit
 31961 | Snake:1  | Noticed Nessos
 31975 | Snake:1  | Killed Nessos
 32683 | Snake:2  | Received a gift from Trog
 33080 | Snake:2  | Noticed Norris
 33101 | Snake:2  | Killed Norris
 33508 | Snake:3  | Noticed Donald
 33526 | Snake:3  | Killed Donald
 33787 | Snake:3  | Noticed Aizul
 33804 | Snake:3  | Killed Aizul
 33934 | Snake:3  | Received a gift from Trog
 34082 | Snake:3  | Received a gift from Trog
 34662 | Snake:4  | Reached skill level 20 in Fighting
 34794 | Snake:4  | Reached XP level 18. HP: 129/129 MP: 14/18
 34798 | Snake:4  | Received a gift from Trog
 34992 | Snake:4  | Found Darphyas' Armour Shoppe.
 35064 | Snake:4  | Found Fugeekus' Weapon Shoppe.
 35098 | Snake:5  | Entered Level 5 of the Snake Pit
 35098 | Snake:5  | Found an ancient bone altar of Kikubaaqudgha.
 35230 | Snake:5  | Reached skill level 21 in Fighting
 35291 | Snake:5  | Noticed Nikola
 35300 | Snake:5  | Killed Nikola
 35628 | Snake:5  | Noticed Herrn's ghost (mighty GrFi)
 35654 | Snake:5  | Killed Herrn's ghost
 35820 | Snake:5  | Received a gift from Trog
 36446 | Snake:5  | Received a gift from Trog
 36604 | Snake:5  | Got a serpentine rune of Zot
 36693 | Snake:5  | Reached XP level 19. HP: 137/137 MP: 18/18
 36885 | Snake:5  | Received a gift from Trog
 37379 | Snake:5  | Received a gift from Trog
 37615 | Swamp:1  | Entered Level 1 of the Swamp
 38561 | Swamp:2  | Noticed Asterion
 38571 | Swamp:2  | Killed Asterion
 38693 | Swamp:2  | Reached skill level 22 in Maces & Flails
 38782 | Swamp:2  | Received a gift from Trog
 39760 | Swamp:3  | Received a gift from Trog
 40502 | Swamp:4  | Reached XP level 20. HP: 144/144 MP: 17/19
 40673 | Swamp:4  | Received a gift from Trog
 40691 | Swamp:5  | Entered Level 5 of the Swamp
 40700 | Swamp:5  | Reached skill level 15 in Armour
 41278 | Swamp:5  | Received a gift from Trog
 41552 | Swamp:5  | Received a gift from Trog
 41655 | Swamp:5  | Got a decaying rune of Zot
 41973 | Slime:1  | Entered Level 1 of the Pits of Slime
 43342 | Slime:4  | Gained mutation: Your body is slowly deteriorating. [a shining eye]
 43344 | Slime:4  | Gained mutation: Armour fits poorly on your strangely shaped body. [a shining eye]
 43349 | Slime:4  | Gained mutation: Your body is deteriorating. [a shining eye]
 43350 | Slime:4  | Received a gift from Trog
 43438 | Slime:4  | Gained mutation: Your magical capacity is low (-10% MP). [a shining eye]
 43441 | Slime:4  | Gained mutation: You are weak. (Str -2) [a shining eye]
 43657 | Slime:5  | Reached XP level 21. HP: 148/148 MP: 3/18
 43878 | Slime:6  | Entered Level 6 of the Pits of Slime
 44257 | Slime:6  | Gained mutation: Your vision is a little blurry. [a shining eye]
 44259 | Slime:6  | Noticed the royal jelly
 44283 | Slime:6  | Gained mutation: You are dopey. (Int -2) [a shining eye]
 44333 | Slime:6  | Killed the royal jelly
 44562 | Slime:6  | Lost mutation: You are dopey. (Int -2) [potion of cure mutation]
 44562 | Slime:6  | Lost mutation: Armour fits poorly on your strangely shaped body. [potion of cure mutation]
 44562 | Slime:6  | Lost mutation: Your magical capacity is low (-10% MP). [potion of cure mutation]
 44640 | Slime:6  | Received a gift from Trog
 45020 | Slime:6  | Got an ichor-stained plate armour
 45058 | Slime:6  | Identified the cursed +0 plate armour "Smioty Tefo" {rElec MR++ Str+1} (You found it on level 6 of the Pits of Slime)
 45095 | Slime:6  | Got a slimy rune of Zot
 45806 | Depths:1 | Entered Level 1 of the Depths
 45831 | Depths:1 | Found a gateway to a ziggurat.
 45917 | Depths:1 | Noticed Liquorice's ghost (mighty DDBe)
 45922 | Depths:1 | Reached skill level 23 in Maces & Flails
 46072 | Depths:1 | Killed Liquorice's ghost
 46342 | Depths:1 | Found a one-way gate to the infinite horrors of the Abyss.
 46546 | Depths:1 | Found a one-way gate leading to the halls of Pandemonium.
 46661 | Depths:1 | Found Enlota's Magic Scroll Shoppe.
 46680 | Depths:1 | Received a gift from Trog
 46835 | Depths:1 | Noticed Margery
 46852 | Depths:1 | Killed Margery
 46930 | Depths:1 | Found a gateway to Hell.
 47051 | Depths:2 | Found Plut's Assorted Antiques.
 47071 | Depths:2 | Reached XP level 22. HP: 155/155 MP: 20/20
 47083 | Depths:2 | Bought a tubular emerald ring for 245 gold pieces
 47083 | Depths:2 | Bought a potion of heal wounds for 147 gold pieces
 47083 | Depths:2 | Bought a bronze ring for 245 gold pieces
 47083 | Depths:2 | Bought a potion of heal wounds for 147 gold pieces
 47083 | Depths:2 | Bought a potion of cure mutation for 1715 gold pieces
 47090 | Depths:2 | Lost mutation: Your vision is a little blurry. [potion of cure mutation]
 47090 | Depths:2 | Lost mutation: You are weak. (Str -2) [potion of cure mutation]
 47090 | Depths:2 | Lost mutation: Your body is deteriorating. [potion of cure mutation]
 47090 | Depths:2 | Lost mutation: Your body is slowly deteriorating. [potion of cure mutation]
 47327 | Depths:2 | Reached skill level 24 in Maces & Flails
 47621 | Depths:2 | Found a portal to a secret trove of treasure.
 47663 | Depths:2 | Received a gift from Trog
 47946 | Depths:2 | Got an ichor-stained large shield
 47967 | Depths:2 | Identified the cursed +0 large shield of Negligence {rElec rF+ MR++ Int+4} (You took it off a daeva on level 2 of the Depths)
 48012 | Depths:2 | Got a smoking large shield
 48031 | Depths:2 | Identified the +0 large shield of Shiemm {+Inv rPois Str+3} (You took it off a daeva on level 2 of the Depths)
 48745 | Depths:3 | Gained mutation: You are dopey. (Int -2) [a neqoxec]
 49031 | Depths:3 | Noticed an ancient lich
 49055 | Depths:3 | Received a gift from Trog
 49644 | Depths:4 | Reached skill level 15 in Shields
 49905 | Depths:4 | Reached XP level 23. HP: 160/160 MP: 19/21
 49968 | Depths:4 | Received a gift from Trog
 50220 | Depths:4 | Noticed Frederick
 50248 | Depths:4 | Killed Frederick
 50454 | Depths:4 | Received a gift from Trog
 51070 | Depths:4 | Received a gift from Trog
 51160 | Depths:5 | Entered Level 5 of the Depths
 51515 | Depths:5 | Reached XP level 24. HP: 168/168 MP: 21/21
 51866 | Depths:5 | Found a gate to the Realm of Zot.
 52113 | Depths:5 | Received a gift from Trog
 52592 | Zot:1    | Entered Level 1 of the Realm of Zot
 53941 | Zot:1    | Received a gift from Trog
 54107 | Zot:1    | Lost mutation: You are dopey. (Int -2) [potion of cure mutation]
 54618 | Zot:2    | Reached XP level 25. HP: 180/180 MP: 22/22
 54856 | Zot:2    | Reached skill level 25 in Fighting
 54953 | Zot:2    | Got a crude plate armour
 55398 | Zot:2    | Identified the cursed -4 plate armour of the Elven Halls {-Cast +Fly rElec rC+ MR+} (You found it on level 2 of the Realm of Zot)
 55509 | Zot:3    | Received a gift from Trog
 56015 | Zot:3    | Noticed an orb of fire
 56024 | Zot:3    | Gained mutation: You have a fast metabolism. [an orb of fire]
 56028 | Zot:3    | Gained mutation: You heal slowly when monsters are visible. [an orb of fire]
 56032 | Zot:3    | Gained mutation: You have supernaturally acute eyesight. [an orb of fire]
 56033 | Zot:3    | Gained mutation: Armour fits poorly on your strangely shaped body. [an orb of fire]
 56039 | Zot:3    | Gained mutation: Your body is slowly deteriorating. [an orb of fire]
 56042 | Zot:3    | Gained mutation: You occasionally shout uncontrollably at your foes. [an orb of fire]
 56046 | Zot:3    | Killed an orb of fire
 56345 | Zot:4    | Reached skill level 26 in Fighting
 56790 | Zot:4    | Received a gift from Trog
 57402 | Zot:5    | Entered Level 5 of the Realm of Zot
 57572 | Zot:5    | Reached skill level 27 in Fighting
 57636 | Zot:5    | Reached XP level 26. HP: 174/193 MP: 22/22
 57659 | Zot:5    | Received a gift from Trog
 57955 | Zot:5    | Reached skill level 5 in Dodging
 58068 | Zot:5    | Noticed an ancient lich
 58104 | Zot:5    | Killed an ancient lich
 58214 | Zot:5    | Noticed an ancient lich
 58267 | Zot:5    | Killed an ancient lich
 58354 | Zot:5    | Got a shimmering silver ring
 58374 | Zot:5    | Identified the ring "Taleowas" {Ice Dex+2 Int+4} (You found it on level 5 of the Realm of Zot)
 58427 | Zot:5    | Noticed an orb of fire
 58427 | Zot:5    | Noticed an orb of fire
 58433 | Zot:5    | Gained mutation: You are dopey. (Int -2) [an orb of fire]
 58439 | Zot:5    | Killed an orb of fire
 58451 | Zot:5    | Killed an orb of fire
 58453 | Zot:5    | Reached skill level 10 in Dodging
 58503 | Zot:5    | Noticed an orb of fire
 58522 | Zot:5    | Killed an orb of fire
 58909 | Zot:5    | Noticed an ancient lich
 58948 | Zot:5    | Killed an ancient lich
 59035 | Zot:5    | Noticed an orb of fire
 59038 | Zot:5    | Lost mutation: You are dopey. (Int -2) [an orb of fire]
 59058 | Zot:5    | Killed an orb of fire
 59253 | Zot:5    | Noticed an ancient lich
 59266 | Zot:5    | Noticed an orb of fire
 59266 | Zot:5    | Killed an ancient lich
 59266 | Zot:5    | Reached XP level 27. HP: 199/199 MP: 23/23
 59280 | Zot:5    | Noticed an orb of fire
 59289 | Zot:5    | Killed an orb of fire
 59298 | Zot:5    | Killed an orb of fire
 59586 | Zot:5    | Identified a scroll of acquirement
 59589 | Zot:5    | Noticed an orb of fire
 59607 | Zot:5    | Gained mutation: Your spells are a little easier to cast, but a little less powerful. [an orb of fire]
 59609 | Zot:5    | Noticed an orb of fire
 59619 | Zot:5    | Killed an orb of fire
 59628 | Zot:5    | Killed an orb of fire
 59802 | Zot:5    | Noticed an orb of fire
 59803 | Zot:5    | Gained mutation: Your body is deteriorating. [an orb of fire]
 59835 | Zot:5    | Killed an orb of fire
 60010 | Zot:5    | Got a dazzling crystal plate armour
 60011 | Zot:5    | Identified the +18 crystal plate armour of Teicw {Dex+3 Int+3} (You acquired it on level 5 of the Realm of Zot)
 60039 | Zot:5    | Got the Orb of Zot
 60088 | Zot:5    | Noticed Ufae the pandemonium lord
 60336 | Depths:1 | Reached skill level 15 in Dodging
 60746 | D:$      | Escaped with the Orb!

Action                   |  1- 3 |  4- 6 |  7- 9 | 10-12 | 13-15 | 16-18 | 19-21 | 22-24 | 25-27 || total
-------------------------+-------+-------+-------+-------+-------+-------+-------+-------+-------++-------
Melee: Mace              |    91 |    12 |   349 |       |       |       |       |       |       ||   452
       Flail             |       |   314 |   320 |       |       |       |       |       |       ||   634
       Great mace        |       |       |    42 |   599 |   668 |       |       |       |       ||  1309
       Morningstar       |       |       |       |       |   596 |       |       |       |       ||   596
       Eveningstar       |       |       |       |       |   267 |  1616 |  2104 |  1796 |  1198 ||  6981
Throw: Javelin           |       |       |       |       |       |     1 |       |       |       ||     1
Invok: Berserk           |       |     5 |     8 |     5 |     7 |     2 |     6 |     4 |     9 ||    46
       Trog's Hand       |       |     2 |     5 |       |     3 |     2 |    11 |     7 |    14 ||    44
       Burn Spellbooks   |       |       |       |     3 |       |     7 |     3 |     4 |     3 ||    20
       Brothers in Arms  |       |       |       |       |     1 |     2 |     8 |     3 |       ||    14
 Abil: Fly               |       |       |       |       |     1 |       |     3 |       |       ||     4
Evoke: Wand              |       |       |     3 |    10 |     3 |     3 |     9 |     1 |    12 ||    41
  Use: Scroll            |       |     3 |    12 |    13 |    12 |     8 |     9 |    11 |     9 ||    77
       Potion            |       |       |       |     3 |     7 |       |     5 |     2 |       ||    17
 Stab: Confused          |       |       |       |       |       |       |     1 |       |       ||     1
       Distracted        |       |       |       |       |       |       |     1 |     1 |       ||     2
  Eat: Chunk             |       |    12 |    25 |    24 |    33 |    10 |       |     2 |       ||   106
       Fruit             |       |       |       |     2 |       |       |       |       |       ||     2
       Beef jerky        |       |       |       |     1 |     2 |     3 |       |     1 |       ||     7
       Pizza             |       |       |       |     1 |       |     2 |     2 |     1 |       ||     6
       Meat ration       |       |       |       |       |     1 |       |     2 |     4 |     6 ||    13
       Bread ration      |       |       |       |       |     3 |     5 |     9 |     3 |     3 ||    23
